Workbook

Sheet 报价汇总
A1: 汇总表
A2: 项目名称：翠湖香山国际花园地块二海棠苑6栋101房空调新风除湿设备采购安装工程
A3: 序号 | B3: 项目名称 | C3: 数量 | D3: 单位 | E3: 税率% | F3: 不含税金额（元） | G3: 含税金额（元） | H3: 备注
A4: 1 | B4: 空调新风除湿设备 | C4: 1 | D4: 项 | F4: =设备报价!F30 -> 0 | G4: =设备报价!F32 -> #VALUE!
A5: 2 | B5: 安装工程 | C5: 1 | D5: 项 | F5: =安装及材料报价!I103 -> 0 | G5: =安装及材料报价!I105 -> #VALUE!
A6: 合计 | F6: =SUM(F4:F5) -> 0 | G6: =SUM(G4:G5) -> #VALUE!

Sheet 设备报价
A1: 设备清单
A2: =报价汇总!A2 -> 项目名称：翠湖香山国际花园地块二海棠苑6栋101房空调新风除湿设备采购安装工程
A3: 设备形式 | B3: 型号 | C3: 单位 | D3: 数量 | E3: 单价 | F3: 金额 | G3: 备注
A4: 一、空调设备
A5: 中静压风管机 | B5: FQSP100CAN | C5: 台 | D5: 2 | F5: =D5*E5 -> 0 | G5: BRC1H611(有线)
A6: 中静压风管机 | B6: FQSP71CAN | C6: 台 | D6: 1 | F6: =D6*E6 -> 0 | G6: BRC1H611(有线)
A7: 中静压风管机 | B7: FQSP36CAN | C7: 台 | D7: 2 | F7: =D7*E7 -> 0 | G7: BRC1H611(有线)
A8: 中静压风管机 | B8: FQSP28CAN | C8: 台 | D8: 1 | F8: =D8*E8 -> 0 | G8: BRC1H611(有线)
A9: 中静压风管机 | B9: FQSP22CAN | C9: 台 | D9: 2 | F9: =D9*E9 -> 0 | G9: BRC1H611(有线)
A10: 超薄小巧风管机 | B10: FQDP71BVC | C10: 台 | D10: 1 | F10: =D10*E10 -> 0 | G10: BRC1H611(有线)
A11: 超薄小巧风管机 | B11: FQDP63BVC | C11: 台 | D11: 2 | F11: =D11*E11 -> 0 | G11: BRC1H611(有线)
A12: 超薄小巧风管机 | B12: FQDP25BVC | C12: 台 | D12: 1 | F12: =D12*E12 -> 0 | G12: BRC1H611(有线)
A13: 温湿平衡超薄风管机 | B13: FQRP63AAPN | C13: 台 | D13: 1 | F13: =D13*E13 -> 0 | G13: BRC1H611(有线)
A14: 温湿平衡超薄风管机 | B14: FQRP56AAPN | C14: 台 | D14: 1 | F14: =D14*E14 -> 0 | G14: BRC1H611(有线)
A15: 温湿平衡超薄风管机 | B15: FQRP40AAPN | C15: 台 | D15: 2 | F15: =D15*E15 -> 0 | G15: BRC1H611(有线)
A16: 温湿平衡超薄风管机 | B16: FQRP36AAPN | C16: 台 | D16: 1 | F16: =D16*E16 -> 0 | G16: BRC1H611(有线)
... A19: 衣帽间防潮嵌入式 | B19: FJECP22CA | C19: 台 | D19: 3 | F19: =D19*E19 -> 0 | G19: BRC1H611(有线)
A20: 无线遥控 | B20: BRC4H611 | C20: 个 | D20: 17 | F20: =D20*E20 -> 0
A21: 金制VRV-N室外机 | B21: RQCZQ16ABYN | C21: 台 | D21: 2 | F21: =D21*E21 -> 0 | G21: 16匹，配一个传感器
A22: 空调小计 | F22: =SUM(F5:F21) -> 0
A23: 二、新风设备
A24: 全热交换器 | B24: VAM250GMVE | C24: 台 | D24: 1 | F24: =D24*E24 -> 0
A25: 全热交换器 | B25: VAM500GMVE | C25: 台 | D25: 2 | F25: =D25*E25 -> 0
A26: 新风小计 | F26: =SUM(F24:F25) -> 0
A27: 三、除湿设备
A28: 除湿设备 | B28: （型号） | C28: 台 | D28: 2 | F28: =D28*E28 -> 0 | G28: 型号由贵司填写
A29: 除湿小计 | F29: =SUM(F27:F28) -> 0
A30: 合计 | F30: =F22+F26+F29 -> 0
A31: 税金 | B31: 增值税专用发票 | C31: 元 | D31: % | E31: =F30 -> 0 | F31: =D31*E31 -> #VALUE! | G31: 税率由贵司填写
A32: 含税总金额（元） | F32: =SUM(F30:F31) -> #VALUE!
A33: 注：所有空调必须配备适配智能化控制的中央远程控制器

Sheet 安装及材料报价
A1: 安装清单
A2: =报价汇总!A2 -> 项目名称：翠湖香山国际花园地块二海棠苑6栋101房空调新风除湿设备采购安装工程
A3: 序号 | B3: 型号名称 | C3: 规格 | D3: 厚度 | E3: 单位 | F3: 数量 | G3: 材料单价 | H3: 人工单价 | I3: 金额 | J3: 品牌
A4: 空调设备
A5: 一 | B5: 铜管安装工程
A6: 1 | B6: 铜管 | C6: Φ28.6 | D6: 1.0mm | E6: m | F6: 54 | I6: =(H6+G6)*F6 -> 0 | J6: 大金专供
A7: 2 | B7: 铜管 | C7: Φ22.2 | D7: 1.0mm | E7: m | F7: 11 | I7: =(H7+G7)*F7 -> 0 | J7: 大金专供
A8: 3 | B8: 铜管 | C8: Φ19.05 | D8: 1.0mm | E8: m | F8: 4 | I8: =(H8+G8)*F8 -> 0 | J8: 大金专供
A9: 4 | B9: 铜管 | C9: Φ15.88 | D9: 1.0mm | E9: m | F9: 154 | I9: =(H9+G9)*F9 -> 0 | J9: 大金专供
A10: 5 | B10: 铜管 | C10: Φ12.7 | D10: 0.8mm | E10: m | F10: 145 | I10: =(H10+G10)*F10 -> 0 | J10: 大金专供
A11: 6 | B11: 铜管 | C11: Φ9.52 | D11: 0.8mm | E11: m | F11: 157 | I11: =(H11+G11)*F11 -> 0 | J11: 大金专供
A12: 7 | B12: 铜管 | C12: Φ6.4 | D12: 0.8mm | E12: m | F12: 68 | I12: =(H12+G12)*F12 -> 0 | J12: 大金专供
A13: 8 | B13: 铜管配件 | E13: Kg | F13: 6 | I13: =(H13+G13)*F13 -> 0
A14: 9 | B14: 银磷焊条 | E14: 根 | F14: 200 | I14: =(H14+G14)*F14 -> 0 | J14: HARRIS
A15: 10 | B15: 分歧管KHRP26MC72T | E15: 套 | F15: 5 | I15: =(H15+G15)*F15 -> 0 | J15: 大金专供
A16: 11 | B16: 分歧管KHRP26MC33T | E16: 套 | F16: 4 | I16: =(H16+G16)*F16 -> 0 | J16: 大金专供
A17: 12 | B17: 分歧管KHRP26MC22T | E17: 套 | F17: 17 | I17: =(H17+G17)*F17 -> 0 | J17: 大金专供
A18: 13 | B18: 铜管保温 | C18: Φ28.6 | D18: 19mm | E18: m | F18: =F6 -> 54 | I18: =(H18+G18)*F18 -> 0 | J18: 大金专供
A19: 14 | B19: 铜管保温 | C19: Φ22.2 | D19: 19mm | E19: m | F19: =F7 -> 11 | I19: =(H19+G19)*F19 -> 0 | J19: 大金专供
A20: 15 | B20: 铜管保温 | C20: Φ19.05 | D20: 13mm | E20: m | F20: =F8 -> 4 | I20: =(H20+G20)*F20 -> 0 | J20: 大金专供
A21: 16 | B21: 铜管保温 | C21: Φ15.88 | D21: 13mm | E21: m | F21: =F9 -> 154 | I21: =(H21+G21)*F21 -> 0 | J21: 大金专供
A22: 17 | B22: 铜管保温 | C22: Φ12.7 | D22: 13mm | E22: m | F22: =F10 -> 145 | I22: =(H22+G22)*F22 -> 0 | J22: 大金专供
A23: 18 | B23: 铜管保温 | C23: Φ9.52 | D23: 13mm | E23: m | F23: =F11 -> 157 | I23: =(H23+G23)*F23 -> 0 | J23: 大金专供
A24: 19 | B24: 铜管保温 | C24: Φ6.4 | D24: 13mm | E24: m | F24: =F12 -> 68 | I24: =(H24+G24)*F24 -> 0 | J24: 大金专供
A25: 二 | B25: 排水安装工程
A26: 1 | B26: PVC排水管 | C26: Φ25 | E26: m | F26: 200 | I26: =(H26+G26)*F26 -> 0 | J26: 大金专供
A27: 2 | B27: PVC配件 | E27: 项 | F27: 1 | I27: =(H27+G27)*F27 -> 0 | J27: 大金专供
A28: 3 | B28: 排水管保温 | C28: Φ25 | D28: 9mm | E28: m | F28: =F26 -> 200 | I28: =(H28+G28)*F28 -> 0 | J28: 大金专供
A29: 三 | B29: 风管制安工程
A30: 1 | B30: 镀锌风管(插条) | D30: 0.6mm | E30: m² | F30: 60 | I30: =(H30+G30)*F30 -> 0 | J30: 或双面铝箔复合板
A31: 2 | B31: PEF保温材料 | D31: 15mm | E31: m² | F31: =F30 -> 60 | I31: =(H31+G31)*F31 -> 0
A32: 3 | B32: 铝箔保温软管 | C32: Φ150 | E32: m | F32: 10 | I32: =(H32+G32)*F32 -> 0
A33: 4 | B33: ABS百叶(送风) | C33: 200*850 | E33: 个 | F33: 2 | I33: =(H33+G33)*F33 -> 0 | J33: 金协
A34: 5 | B34: ABS百叶(送风) | C34: 200*1000 | E34: 个 | F34: 3 | I34: =(H34+G34)*F34 -> 0 | J34: 金协
A35: 6 | B35: ABS百叶(送风) | C35: 200*1200 | E35: 个 | F35: 1 | I35: =(H35+G35)*F35 -> 0 | J35: 金协
A36: 7 | B36: ABS百叶(送风) | C36: 200*1400 | E36: 个 | F36: 2 | I36: =(H36+G36)*F36 -> 0 | J36: 金协
A37: 8 | B37: ABS百叶(送风) | C37: 200*1600 | E37: 个 | F37: 2 | I37: =(H37+G37)*F37 -> 0 | J37: 金协
A38: 9 | B38: ABS百叶(送风) | C38: 200*1800 | E38: 个 | F38: 2 | I38: =(H38+G38)*F38 -> 0 | J38: 金协
A39: 10 | B39: ABS百叶(送风) | C39: 200*2650 | E39: 个 | F39: 1 | I39: =(H39+G39)*F39 -> 0 | J39: 金协
A40: 11 | B40: ABS百叶(送风) | C40: 200*3400 | E40: 个 | F40: 1 | I40: =(H40+G40)*F40 -> 0 | J40: 金协
A41: 12 | B41: ABS百叶(送风) | C41: 200*4500 | E41: 个 | F41: 1 | I41: =(H41+G41)*F41 -> 0 | J41: 金协
A42: 13 | B42: ABS百叶(送风) | C42: 200*9000 | E42: 个 | F42: 1 | I42: =(H42+G42)*F42 -> 0 | J42: 金协
A43: 14 | B43: 铝合金百叶(回风) | C43: 300*850 | E43: 个 | F43: =F33 -> 2 | I43: =(H43+G43)*F43 -> 0 | J43: 金协
A44: 15 | B44: 铝合金百叶(回风) | C44: 300*1000 | E44: 个 | F44: =F34 -> 3 | I44: =(H44+G44)*F44 -> 0 | J44: 金协
A45: 16 | B45: 铝合金百叶(回风) | C45: 300*1200 | E45: 个 | F45: =F35 -> 1 | I45: =(H45+G45)*F45 -> 0 | J45: 金协
A46: 17 | B46: 铝合金百叶(回风) | C46: 300*1400 | E46: 个 | F46: =F36 -> 2 | I46: =(H46+G46)*F46 -> 0 | J46: 金协
A47: 18 | B47: 铝合金百叶(回风) | C47: 300*1600 | E47: 个 | F47: =F37 -> 2 | I47: =(H47+G47)*F47 -> 0 | J47: 金协
A48: 19 | B48: 铝合金百叶(回风) | C48: 300*1800 | E48: 个 | F48: =F38 -> 2 | I48: =(H48+G48)*F48 -> 0 | J48: 金协
A49: 20 | B49: 铝合金百叶(回风) | C49: 300*2650 | E49: 个 | F49: =F39 -> 1 | I49: =(H49+G49)*F49 -> 0 | J49: 金协
A50: 21 | B50: 铝合金百叶(回风) | C50: 300*3400 | E50: 个 | F50: =F40 -> 1 | I50: =(H50+G50)*F50 -> 0 | J50: 金协
A51: 22 | B51: 铝合金百叶(回风) | C51: 300*4500 | E51: 个 | F51: =F41 -> 1 | I51: =(H51+G51)*F51 -> 0 | J51: 金协
A52: 23 | B52: 铝合金百叶(回风) | C52: 300*9000 | E52: 个 | F52: =F42 -> 1 | I52: =(H52+G52)*F52 -> 0 | J52: 金协
A53: 四 | B53: 电气安装工程
A54: 1 | B54: 控制线 | C54: 2*0.75mm | E54: m | F54: 250 | I54: =(H54+G54)*F54 -> 0 | J54: 明兴
A55: 2 | B55: 线管 | C55: Φ20 | E55: m | F55: =SUM(F54:F54) -> 250 | I55: =(H55+G55)*F55 -> 0 | J55: 大金专供
A56: 3 | B56: 线管配件 | E56: 项 | F56: 1 | I56: =(H56+G56)*F56 -> 0
A57: 五 | B57: 五金辅材
A58: 1 | B58: 不锈钢丝杆 | C58: M10 | E58: m | F58: =F60*2 -> 56 | I58: =(H58+G58)*F58 -> 0 | J58: 201
A59: 2 | B59: 管道固定码 | C59: 201不锈钢 | E59: 套 | F59: 300 | I59: =(H59+G59)*F59 -> 0
A60: 3 | B60: 室内机固定码 | C60: 201不锈钢 | E60: 副 | F60: 28 | I60: =(H60+G60)*F60 -> 0
A61: 4 | B61: 万能角铁 | C61: 201不锈钢 | E61: m | F61: =F60 -> 28 | I61: =(H61+G61)*F61 -> 0
A62: 5 | B62: 定制不锈钢机架 | C62: 201不锈钢 | E62: 副 | F62: 2 | I62: =(H62+G62)*F62 -> 0
A63: 六 | B63: 安装调试
A64: 1 | B64: 室内机吊装 | E64: 台 | F64: =F60 -> 28 | I64: =(H64+G64)*F64 -> 0
A65: 2 | B65: 室外机安装 | C65: 顶排风型 | E65: 模块 | F65: 2 | I65: =(H65+G65)*F65 -> 0
A66: 3 | B66: 冷媒 | C66: R410a | E66: Kg | F66: 28 | I66: =(H66+G66)*F66 -> 0 | J66: 大金
A67: 4 | B67: 系统调试 | E67: 项 | F67: 1 | I67: =(H67+G67)*F67 -> 0
A68: 七 | B68: 其它
A69: 1 | B69: 氮气氧气煤气 | E69: 项 | F69: 1 | I69: =(H69+G69)*F69 -> 0
A70: 2 | B70: PVC套管 | E70: 米 | F70: 10 | I70: =(H70+G70)*F70 -> 0 | J70: 联塑
A71: 3 | B71: PVC胶水 | E71: 瓶 | F71: 10 | I71: =(H71+G71)*F71 -> 0 | J71: 联塑
A72: 4 | B72: 保温胶水 | E72: 罐 | F72: 2 | I72: =(H72+G72)*F72 -> 0 | J72: 福乐斯
A73: 5 | B73: 橡胶避震垫 | E73: 块 | F73: 8 | I73: =(H73+G73)*F73 -> 0
A74: 6 | B74: 埋墙开凿 | E74: 项 | F74: 1 | I74: =(H74+G74)*F74 -> 0
A75: 7 | B75: 开孔（楼板、梁） | E75: 项 | F75: 1 | I75: =(H75+G75)*F75 -> 0
A76: 新风设备
A77: 1 | B77: 管罩(带防虫网) | C77: 150MM | E77: 个 | F77: 4 | I77: =(H77+G77)*F77 -> 0
A78: 2 | B78: 风口百叶 | E78: 个 | F78: 12 | I78: =(H78+G78)*F78 -> 0
A79: 3 | B79: 检修口 | C79: 400*400 | E79: 个 | F79: 2 | I79: =(H79+G79)*F79 -> 0
A80: 4 | B80: PVC通风管 | C80: Φ160 | E80: m | F80: 105 | I80: =(H80+G80)*F80 -> 0
A81: 5 | B81: PVC配件 | C81: Φ160 | E81: 项 | F81: 1 | I81: =(H81+G81)*F81 -> 0
A82: 6 | B82: PVC管码 | C82: Φ160 | E82: 副 | F82: 70 | I82: =(H82+G82)*F82 -> 0
A83: 7 | B83: PVC通风管 | C83: Φ110 | E83: m | F83: 4 | I83: =(H83+G83)*F83 -> 0
A84: 8 | B84: PVC配件 | C84: Φ110 | E84: 项 | F84: 1 | I84: =(H84+G84)*F84 -> 0
A85: 9 | B85: PVC管码 | C85: Φ110 | E85: 副 | F85: 4 | I85: =(H85+G85)*F85 -> 0
A86: 10 | B86: 控制线 | C86: 2*0.75mm | E86: m | F86: 20 | I86: =(H86+G86)*F86 -> 0
A87: 11 | B87: 线管 | C87: Φ20 | E87: m | F87: =SUM(F86:F86) -> 20 | I87: =(H87+G87)*F87 -> 0
A88: 12 | B88: 不锈钢丝杆 | C88: M10 | E88: m | F88: 30 | I88: =(H88+G88)*F88 -> 0
A89: 13 | B89: 室内机固定码 | C89: 201不锈钢 | E89: 副 | F89: 2 | I89: =(H89+G89)*F89 -> 0
A90: 14 | B90: 万能角铁 | C90: 201不锈钢 | E90: m | F90: 30 | I90: =(H90+G90)*F90 -> 0
A91: 15 | B91: 帆布软接 | E91: 个 | F91: 2 | I91: =(H91+G91)*F91 -> 0
A92: 16 | B92: 铝箔软管 | C92: Φ110 | E92: m | F92: 10 | I92: =(H92+G92)*F92 -> 0
A93: 17 | B93: 室内机吊装 | E93: 台 | F93: 2 | I93: =(H93+G93)*F93 -> 0
A94: 18 | B94: 排气扇安装 | E94: 台 | F94: 8 | I94: =(H94+G94)*F94 -> 0
A95: 19 | B95: 调试费用 | E95: 项 | F95: 1 | I95: =(H95+G95)*F95 -> 0
A96: 20 | B96: 埋墙开凿 | E96: 项 | F96: 1 | I96: =(H96+G96)*F96 -> 0
A97: 21 | B97: 开孔（楼板、梁） | E97: 项 | F97: 1 | I97: =(H97+G97)*F97 -> 0
A98: 除湿设备
A99: 1 | B99: 设备安装费 | E99: 项 | F99: 1 | I99: =(H99+G99)*F99 -> 0
A100: 2 | B100: 管道及辅材采购安装费 | E100: 项 | F100: 1 | I100: =(H100+G100)*F100 -> 0
...
